 Dungeon Crawl Stone Soup version 0.29-a0-542-g075992c915 (webtiles) character file.

Game seed: 5526939270479443581

3545 oldriver the Spear-Bearer (level 9, -3/79 HPs)
             Began as a Palentonga Delver on June 4, 2022.
             Shot with a bolt by an orc warrior (9 damage)
             ... in a bailey.
             The game lasted 00:10:57 (4360 turns).

oldriver the Spear-Bearer (Palentonga Delver)       Turns: 4360, Time: 00:10:58

Health: -3/79      AC: 16    Str: 20    XL:     9   Next: 83%
Magic:  18/18      EV: 10    Int: 10    God:
Gold:   468        SH:  0    Dex: 12    Spells: 8/8 levels left

rFire   + . .      SeeInvis +   a - +7 spear (protect)
rCold   . . .      Faith    .   (no shield)
rNeg    . . .      Spirit   .   E - +2 robe {rF+}
rPois   .          Reflect  .   (no helmet)
rElec   .          Harm     .   o - +0 cloak
rCorr   .          Rampage  .   t - +1 pair of gloves
Will    .....                   (no barding)
Stlth   ++........              h - amulet of regeneration
HPRegen 1.03/turn               p - ring of magical power
MPRegen 0.16/turn               (no ring)

@: curled up
A: large, rugged brown scales 3, see invisible, deformed body, roll 1, armoured
tail, reflexive curl
a: Rolling Charge


You were in a bailey.
You visited 1 branch of the dungeon, and saw 9 of its levels.
You also visited: Bailey.

You collected 468 gold pieces.

Inventory:

Hand Weapons
 a - a +7 spear of protection (weapon)
 b - a +2 hunting sling of flaming
Missiles
 n - 27 poisoned darts
Armour
 f - a +2 robe of cold resistance
 o - a +0 cloak (worn)
 t - a +1 pair of gloves (worn)
 C - a scarf of harm
 E - a +2 robe of fire resistance (worn)
Jewellery
 h - an amulet of regeneration (around neck)
 p - a ring of magical power (left hand)
 q - a ring of fire
Wands
 g - a wand of digging (3)
 B - a wand of acid (14)
 F - a wand of charming (2)
Scrolls
 c - 2 scrolls of fog
 e - a scroll of amnesia {unknown}
 r - 9 scrolls of identify
 y - a scroll of silence
 z - 2 scrolls of blinking
Potions
 i - 3 potions of mutation {unknown}
 j - a potion of ambrosia {unknown}
 k - 2 potions of cancellation {unknown}
 l - 5 potions of curing {unknown}
 m - 2 potions of degeneration {unknown}
 s - 2 potions of resistance {unknown}
 u - 4 potions of brilliance
 v - 2 potions of attraction {unknown}
 w - a potion of flight {unknown}
 x - a potion of invisibility
 A - 2 potions of heal wounds {unknown}
 D - a potion of berserk rage {unknown}
 I - a potion of magic {unknown}
 J - a potion of lignification {unknown}


   Skills:
 + Level 8.0 Fighting
 - Level 2.7(7.0) Axes
 * Level 9.3(9.5) Polearms
 - Level 2.0 Slings
 - Level 3.0 Armour
 - Level 3.0 Dodging
 - Level 3.6 Stealth


You had 8 spell levels left.
You didn't know any spells.
Your spell library contained the following spells:

 Spells                   Type           Power      Damage    Failure   Level
 Blink                    Tloc           0%         N/A       50%         2
 Static Discharge         Conj/Air       0%         N/A       50%         2
 Conjure Flame            Conj/Fire      0%         6-21      75%         3
 Dazzling Flash           Conj/Hex       0%         N/A       75%         3
 Ignite Poison            Fire/Tmut/Pois 0%         N/A       75%         3
 Iskenderun's Mystic Bla  Conj/Tloc      0%         2d3       98%         4
 Sticky Flame             Conj/Fire      0%         2d3       98%         4
 Lightning Bolt           Conj/Air       0%         1d11      100%        5
 Manifold Assault         Tloc           0%         N/A       100%        5
 Starburst                Conj/Fire      0%         6d3       100%        6
 Storm Form               Tmut/Air       0%         N/A       100%        7
 Maxwell's Capacitive Co  Air            0%         ∞         100%        8


Dungeon Overview and Level Annotations

Branches:
Dungeon (9/15)               Lair (0/6) D:8          Bailey (1/1)
 Temple: D:4-7          Orc: D:9-12

Altars:
Ashenzari
Sif Muna
Trog
The Shining One

Shops:
D:1 :   D:2 [


Innate Abilities, Weirdness & Mutations

You are completely covered in rugged brown scales. (AC +3, +7% HP)
You have supernaturally acute eyesight. (SInv)
Armour fits poorly on your strangely shaped body.
You can roll at nearby foes to attack.
You have a long armoured tail.
You curl defensively after being hit. (AC +7*)


Message History

The orc warrior shoots a bolt.
The bolt hits you!
You shoot a sling bullet.
The sling bullet hits the orc warrior but does no damage.
The orc warrior is moderately wounded.
The orc warrior shoots a bolt.
The bolt closely misses you.
The orc shoots a bolt.
The bolt hits you.
You shoot a sling bullet.
The sling bullet barely misses the orc warrior.
The orc warrior shoots a bolt.
The bolt barely misses you.
The orc shoots a bolt.
The bolt hits you.
The orc warrior shoots a bolt.
The bolt misses you.
The orc warrior shoots a bolt.
The bolt barely misses you.
You shoot a sling bullet.
The sling bullet closely misses the orc warrior.
The orc shoots a bolt.
The bolt closely misses you.
The orc warrior shoots a bolt.
The bolt hits you.
The orc warrior shoots a bolt.
The bolt hits you but does no damage.
You shoot a sling bullet.
The sling bullet hits the orc warrior but does no damage.
The orc warrior is moderately wounded.
The orc warrior shoots a bolt.
The bolt closely misses you.
The orc warrior shoots a bolt.
The bolt closely misses you.
The orc warrior shoots a bolt.
The bolt hits you!
The orc warrior shoots a bolt.
The bolt closely misses you.
Your +2 hunting sling of flaming stops flaming.
Your +7 spear of protection hums with potential!
a - a +7 spear of protection (weapon)
The orc shoots a bolt.
The bolt hits you.
The orc warrior shoots a bolt.
The bolt hits you!
* * * LOW HITPOINT WARNING * * *
The orc warrior shoots a bolt.
The bolt hits you but does no damage.
The orc shoots a bolt.
The bolt hits you.
* * * LOW HITPOINT WARNING * * *
The orc warrior shoots a bolt.
The bolt barely misses you.
The orc warrior shoots a bolt.
The bolt hits you!
* * * LOW HITPOINT WARNING * * *
As you read the scroll of fog, it crumbles to dust.
The scroll dissolves into smoke.
The orc shoots a bolt.
The bolt hits you.
* * * LOW HITPOINT WARNING * * *
The orc warrior shoots a bolt.
The bolt hits you!
You die...

#.....≈##
#.....≈#....o≈≈≈≈≈≈≈≈≈
#.....≈##.##≈o≈≈≈≈≈≈≈≈
#.....≈≈###≈≈≈≈≈≈≈≈≈≈≈
#.....≈≈≈≈≈≈o≈≈≈≈≈≈≈≈≈
#...........o.........
#.........§.§§........
#.∩......§§§§.........
#∩.......§@§§§........
######################


You could see 2 orc warriors and 2 orcs.

Vanquished Creatures
  Grinder (D:3)
  Sigmund (D:3)
  A yak (D:9)
  Grum (D:8)
  A steam dragon (D:8)
  A water moccasin (D:6)
  2 orc warriors
  A sky beast (D:6)
  2 black bears
  An ogre (D:6)
  3 wolves (D:8)
  2 phantoms
  2 bullfrogs (D:8)
  2 kobold brigands
  A gnoll sergeant (D:9)
  Blork the orc (D:6)
  3 scorpions
  4 wights (D:9)
  3 howler monkeys
  2 jellies
  3 hounds
  8 orc priests
  Jessica (D:2)
  2 iguanas
  4 orc wizards
  9 adders
  8 gnolls
  A white imp (D:4)
  A worm (D:2)
  2 dart slugs
  25 orcs
  4 ball pythons
  5 endoplasms
  3 giant cockroaches
  10 goblins
  8 hobgoblins
  A quokka (D:3)
  7 bats
  4 frilled lizards
  19 kobolds
  4 rats
164 creatures vanquished.

Vanquished Creatures (others)
  10 fungi
  2 plants (D:8)
12 creatures vanquished.

Grand Total: 176 creatures vanquished

Notes
Turn   | Place    | Note
-------+----------+-------------------------------------------
     0 | D:5      | oldriver the Palentonga Delver began the quest for the Orb.
     0 | D:5      | Reached XP level 1. HP: 19/19 MP: 1/1
    51 | D:4      | Reached XP level 2. HP: 17/25 MP: 2/2
    98 | D:3      | Found a shimmering blue altar of Sif Muna.
   148 | D:3      | Reached XP level 3. HP: 31/31 MP: 3/3
   163 | D:3      | Noticed Sigmund
   293 | D:2      | Found Afaka's Antique Armour Shoppe.
   361 | D:1      | Found Fec Mikh's Book Emporium.
   615 | D:1      | Reached XP level 4. HP: 33/35 MP: 4/4
   639 | D:1      | Found a faded altar of an unknown god.
  1246 | D:2      | Reached skill level 1 in Polearms
  1248 | D:2      | Noticed Jessica
  1251 | D:2      | Killed Jessica
  1747 | D:3      | Killed Sigmund
  1748 | D:3      | Reached skill level 3 in Polearms
  1748 | D:3      | Reached skill level 1 in Slings
  1748 | D:3      | Reached XP level 5. HP: 42/44 MP: 5/5
  1748 | D:3      | Reached XP level 6. HP: 49/51 MP: 6/6
  1947 | D:3      | Noticed Grinder
  1960 | D:3      | Killed Grinder
  2210 | D:4      | Found a bloodstained altar of Trog.
  2261 | D:4      | Reached skill level 4 in Polearms
  2261 | D:4      | Gained mutation: You curl defensively after being hit. (AC
                  | +7*) [Palentonga growth]
  2261 | D:4      | Reached XP level 7. HP: 58/58 MP: 7/7
  2668 | D:5      | Reached skill level 5 in Fighting
  2702 | D:5      | Reached skill level 5 in Polearms
  2974 | D:5      | Reached XP level 8. HP: 65/68 MP: 8/8
  3191 | D:6      | Reached skill level 6 in Polearms
  3321 | D:6      | Found a broken altar of Ashenzari.
  3423 | D:6      | Reached skill level 1 in Armour
  3464 | D:6      | Noticed Blork the orc
  3478 | D:6      | Killed Blork the orc
  3479 | D:6      | Reached skill level 7 in Polearms
  3577 | D:6      | Reached XP level 9. HP: 75/75 MP: 9/9
  3783 | D:7      | You fall into a shaft and drop 2 floors!
  3814 | D:9      | Paralysed by a hornet for 1 turns
  3902 | D:9      | Found a glowing golden altar of the Shining One.
  4054 | D:9      | Reached skill level 8 in Polearms
  4203 | D:8      | Noticed Grum
  4250 | D:8      | Killed Grum
  4251 | D:8      | Reached skill level 9 in Polearms
  4316 | D:8      | Found a flagged portal.
  4332 | Bailey   | Entered a bailey
  4360 | Bailey   | Shot with a bolt by an orc warrior

Illustrated notes

Levels and vault maps discovered:
D:1:      lightli_arrival_quake, layout_rooms, serial_shops, shop_fountains,
          shapermc_ecumenical_altar_ellora
D:2:      minmay_door_path, layout_loops_ring, serial_shops,
          nicolae_shop_advertising_works [nicolae_subvault_shop_adworks],
          nrook_mini_vaults, uniq_jessica
D:3:      layout_rooms, nicolae_sif_muna_condensation, uniq_grinder,
          uniq_sigmund
D:4:      layout_gridville, trog_book
D:5:      layout_loops_ring, dreamdust_gnoll_farm
D:6:      layout_rooms, evilmike_ruin_ashenzari, uniq_blork_the_orc
D:7:      layout_basic, minmay_temple_entry_butterflies, serial_shops,
          nicolae_stop_n_shop_1, uniq_crazy_yiuf_cottage, uniq_joseph
D:8:      layout_rooms, david_lair_generic, enter_bailey_2, minmay_radiant,
          uniq_grum
D:9:      layout_gridville, okawaru_trees_1, amcnicky_altar_gilded, orc_0_dummy
Bailey:   bailey_polearm_2, bailey

Skill      XL: |  1  2  3  4  5  6  7  8  9 |
---------------+----------------------------+-----
Dodging        | 2 3 |  3.0
Polearms       | 3 4 5 7 9 |  9.3
Fighting       | 4 5 6 8 |  8.0
Slings         | 1 2 |  2.0
Armour         | 2 3 |  3.0
Axes           | |  2.7
Stealth        | |  3.6

Action                   |  1- 3 |  4- 6 |  7- 9 || total
-------------------------+-------+-------+-------++-------
Melee: Hand axe          |    95 |     1 |       ||    96
       Tailslap          |     8 |     5 |    32 ||    45
       Punch             |     1 |       |     8 ||     9
       Spear             |       |    45 |   337 ||   382
 Fire: Hunting sling     |       |    41 |    50 ||    91
 Abil: Rolling Charge    |    27 |     8 |    21 ||    56
  Use: Scroll            |     3 |     4 |    10 ||    17
       Potion            |       |     1 |       ||     1
 Stab: Sleeping          |     1 |       |     1 ||     2
       Distracted        |       |       |     1 ||     1
Armor: Leather armour    |    49 |     8 |       ||    57
       Robe              |       |     4 |   126 ||   130
Dodge: Dodged            |    37 |    21 |   131 ||   189

Table legend: (Time is in decaauts)
 A = Elapsed time spent in this place.
 B = Non-inter-level travel time spent in this place.
 C = Inter-level travel time spent in this place.
 D = Time resting spent in this place.
 E = Time spent auto-exploring this place.
 F = Levels seen in this place.
 G = Mean time per level.
                   A        B        C        D        E       F      G
               +--------+--------+--------+--------+--------+-----+--------+
         Total |   4293 |   4113 |    180 |     99 |   2668 |  10 |  429.3 |
       Dungeon |   4262 |   4082 |    180 |     99 |   2668 |   9 |  473.6 |
        Bailey |     30 |     30 |      0 |      0 |      0 |   1 |   30.0 |
               +--------+--------+--------+--------+--------+-----+--------+

Top non-repeatable levels by time:
     D:2: 856 daAuts
     D:5: 753 daAuts
     D:1: 733 daAuts
     D:6: 539 daAuts
     D:3: 494 daAuts
     D:9: 331 daAuts
     D:4: 327 daAuts
     D:8: 164 daAuts
     D:7: 61 daAuts
  Bailey: 30 daAuts
